 Dungeon Crawl Stone Soup version 0.31-a0-174-g85c54bcb58 (webtiles) character file.

Game seed: 12874422425509342107

106 qw the Chopper (level 4, -3/28 HPs)
             Began as a Gargoyle Fighter on June 15, 2023.
             Slain by Sigmund
             ... wielding a +0 scythe
              (4 damage)
             ... on level 2 of the Dungeon.
             The game lasted 00:00:36 (1197 turns).

qw the Chopper (Gargoyle Fighter)                   Turns: 1197, Time: 00:00:36

Health: -3/28      AC: 11    Str: 22    XL:     4   Next: 84%
Magic:  4/4        EV:  9    Int:  8    God:
Gold:   49         SH:  4    Dex:  9    Spells: 3/3 levels left

rFire   . . .        Y - +0 war axe
rCold   . . .        c - +0 buckler
rNeg    + . .        b - +0 scale mail
rPois   inf          l - +0 helmet
rElec   +            (no cloak)
rCorr   .            (no gloves)
SInv    .            (no boots)
Will    .....        (no amulet) Stlth
                     (no ring)
HPRegen 0.24/turn    (no ring)
MPRegen 0.09/turn

%: no passive effects
@: no status effects
A: sickness immunity, AC +3, negative energy resistance 1, electricity
resistance, torment resistance 1, petrification resistance
a: no special abilities


You were on level 2 of the Dungeon.
You visited 1 branch of the dungeon, and saw 2 of its levels.

You collected 49 gold pieces.


Innate Abilities, Weirdness & Mutations

You are immune to sickness and miasma.
Your stone body is resilient. (AC +3)
You are immune to poison.
You resist negative energy. (rN+)
You are resistant to electric shocks. (rElec)
You are resistant to unholy torment.
You are immune to petrification.


   Skills:
 - Level 3.2 Fighting
 + Level 4.1 Axes
 - Level 1.2 Throwing
 - Level 3.2 Armour
 - Level 3.2 Shields


You had 3 spell levels left.
You didn't know any spells.
Your spell library was empty.

Inventory:

Hand Weapons
 k - a +0 whip
 Y - a +0 war axe (weapon)
Missiles
 f - 4 javelins (quivered)
Armour
 b - a +0 scale mail (worn)
 c - a +0 buckler (worn)
 l - a +0 helmet (worn)
Scrolls
 e - a scroll of enchant weapon {unknown}
 g - 2 scrolls of identify
 j - 2 scrolls of teleportation
 p - a scroll of revelation {unknown}
Potions
 a - a potion of curing {unknown}
 d - 2 potions of might
 h - a potion of cancellation {unknown}
 i - a potion of invisibility {unknown}
 m - a potion of brilliance {unknown}
 n - a potion of lignification {unknown}
 o - a potion of haste {unknown}

Dungeon Overview and Level Annotations

Branches:
Dungeon (2/15)

Altars:

Annotations:
D:2 Sigmund


Message History

f - 4 javelins (gained 1)
p - a scroll labelled AFFIJ HUPAEMO
Enter note:
Enter note:
Enter note:
Enter note:
Enter note:
Enter note: You open the door.
Sigmund the Dreaded comes into view.
He is wielding a +0 scythe.
Sigmund shouts!
Sigmund mumbles some strange words.
Sigmund flickers and vanishes!
Deactivating autopickup; reactivate with Ctrl-A.
Enter note:
Enter note:
Enter note:
Enter note:
Enter note:
Enter note: You swing at nothing.
You swing at nothing.
Something hits you but does no damage.
You swing at nothing.
Something hits you.
You swing at nothing.
Something hits you but does no damage.
You swing at nothing.
Something hits you but does no damage.
You swing at nothing.
Something hits you.
You swing at nothing.
Something hits you!
You swing at nothing.
Something hits you!
You swing at nothing.
Something hits you.
You swing at nothing.
Something hits you.
You die...

######## ####......#
.......... ....... ....
#'##### #@....# #.....#
#### ### #.....# ##... #.#
#.##### #....
.#.##.####.############....
.[........................)
.#.##.####.################
##.#.##.####.####..[.
...........<.........


There were no monsters in sight!

Vanquished Creatures
  Jessica (D:2)
  Terence (D:2)
  2 adders (D:2)
  A worm (D:2)
  A dart slug (D:1)
  2 endoplasms
  2 giant cockroaches
  4 hobgoblins
  4 jackals (D:1)
  3 kobolds (D:1)
  A quokka (D:1)
  2 ball pythons
  2 bats (D:2)
  A frilled lizard (D:2)
  3 goblins (D:2)
  2 rats
32 creatures vanquished.

Notes
Turn   | Place    | Note
-------+----------+-------------------------------------------
     0 | D:1      | qw the Gargoyle Fighter began the quest for the Orb.
     0 | D:1      | Reached XP level 1. HP: 14/14 MP: 1/1
     0 | D:1      | 0 ||| qw: Version: 0.2-a-29-g511e9b1
     0 | D:1      | 0 ||| qw: Game counter: 5245
     0 | D:1      | 0 ||| qw: Always use a shield: true
     0 | D:1      | 0 ||| qw: God list: Okawaru
     0 | D:1      | 0 ||| qw: Allow faded altars: false
     0 | D:1      | 0 ||| qw: Do Orc after D:15 true
     0 | D:1      | 0 ||| qw: Do second Lair branch before Depths: true
     0 | D:1      | 0 ||| qw: Lair rune preference: random
     0 | D:1      | 0 ||| qw: Plans: Normal, Zot:1-4, Slime:5, God:TSO, Crypt,
                  | Tomb, Abyss, Pan, Hells, Win
     0 | D:1      | 0 ||| PLANNING D:1-11
    77 | D:1      | Reached skill level 2 in Axes
   104 | D:1      | 104 ||| Stepping ~*~*~tactically~*~*~ (stealth).
   105 | D:1      | 105 ||| Stepping ~*~*~tactically~*~*~ (stealth).
   120 | D:1      | Reached XP level 2. HP: 13/19 MP: 2/2
   347 | D:1      | 347 ||| DROPPING +0 club.
   467 | D:1      | 467 ||| FLEEEEING.
   468 | D:1      | 468 ||| FLEEEEING.
   601 | D:1      | 601 ||| UPGRADING to +0 helmet.
   606 | D:1      | 606 ||| READING scroll labelled INUANG ALOF.
   607 | D:1      | 607 ||| READING scroll labelled JAEZXEXTE DUOW.
   608 | D:1      | 608 ||| READING 2 scrolls labelled NAOTWI TUSIPP.
   740 | D:2      | Reached skill level 3 in Axes
   825 | D:2      | Reached XP level 3. HP: 23/23 MP: 3/3
   844 | D:2      | 844 ||| Stepping ~*~*~tactically~*~*~ (stealth).
   873 | D:2      | Reached skill level 1 in Throwing
   912 | D:2      | Noticed Jessica
   914 | D:2      | Killed Jessica
   915 | D:2      | Reached XP level 4. HP: 28/28 MP: 4/4
  1062 | D:2      | Noticed Terence
  1072 | D:2      | Killed Terence
  1073 | D:2      | Reached skill level 4 in Axes
  1187 | D:2      | Noticed Sigmund
  1195 | D:2      | HP: 3/28 [something (9)]
  1196 | D:2      | HP: 1/28 [something (2)]
  1197 | D:2      | Slain by Sigmund

Levels and vault maps discovered:
D:1:      dpeg_arrival_solitude, layout_loops_ring, minmay_misc_feat_rows
D:2:      layout_basic, uniq_jessica, uniq_crazy_yiuf_cottage, uniq_sigmund,
          uniq_terence

Skill      XL: |  1  2  3  4 |
---------------+-------------+-----
Axes           | 2 3 4 |  4.1
Throwing       | 1 |  1.2
Fighting       | |  3.2
Armour         | |  3.2
Shields        | |  3.2

Action                     |  1- 3 |  4- 6 || total
---------------------------+-------+-------++-------
  Melee: War axe           |    68 |    27 ||    95
  Throw: Javelin           |    16 |    10 ||    26
    Use: Scroll            |     3 |       ||     3
 Armour: Scale mail        |    38 |    17 ||    55
  Dodge: Dodged            |    42 |    15 ||    57
  Block: Buckler           |    14 |       ||    14

Table legend:
 A = Non-vault XP
 B = Vault XP
 C = Vault XP percentage of total XP
 D = Non-vault monster count
 E = Vault monster count
 F = Vault count percentage of total count
                 A         B        C        D         E       F
            +---------+---------+-------+---------+---------+-------
      Total |      79 |      73 |  48.0 |      30 |       2 |   6.2
            +---------+---------+-------+---------+---------+-------
        D:1 |      28 |       0 |   0.0 |      14 |       0 |   0.0
        D:2 |      51 |      73 |  58.9 |      16 |       2 |  11.1
            +---------+---------+-------+---------+---------+-------
